 Dungeon Crawl Stone Soup version 0.29-a0-43-g62a80824bf (webtiles) character file.

Game seed: 8109255865732753551

25652 enile the Fighter (level 13, -7/216 HPs)
             Began as an Ogre Fire Elementalist on Feb 2, 2022.
             Was a Priest of Vehumet.
             Mangled by a skeletal warrior (10 damage)
             ... on level 1 of the Lair of Beasts.
             The game lasted 00:52:17 (21112 turns).

enile the Fighter (Ogre Fire Elementalist)         Turns: 21112, Time: 00:52:18

Health: -7/216     AC: 26    Str: 18 (21) XL:     13   Next: 20%
Magic:  12/23      EV:  1    Int: 17 (20) God:    Vehumet [***...]
Gold:   743        SH:  9    Dex:  6 (9)  Spells: 19/26 levels left

rFire   . . .      SeeInvis .   u - +2 flail (vorpal)
rCold   . . .      Faith    .   m - +0 kite shield
rNeg    . . .      Spirit   .   (armour currently unavailable)
rPois   +          Reflect  .   (helmet currently unavailable)
rElec   .          Harm     .   (cloak currently unavailable)
rCorr   .          Rampage  .   (gloves unavailable)
Will    +....      NoTele   +   (boots unavailable)
Stlth   ++........              c - amulet of the acrobat
HPRegen 0.46/turn               z - +6 ring of strength
MPRegen 0.18/turn               (no ring)

@: mighty, tree-form, hasted, very quick
A: stationary, stasis, torment immunity, boosted hp, large, unfitting armour,
(tough skin 1), (shaggy fur 1), (electricity resistance)
a: Renounce Religion


You were on level 1 of the Lair of Beasts.
You worshipped Vehumet.
Vehumet was most pleased with you.
You were a tree.
You visited 3 branches of the dungeon, and saw 13 of its levels.
You also visited: Volcano.

You collected 990 gold pieces.
You spent 247 gold pieces at shops.

Inventory:

Hand Weapons
 h - a +1 dagger of protection
 n - a +0 spectral club
 u - a +2 vorpal flail (weapon)
 A - a +1 triple sword of electrocution
Missiles
 j - a curare-tipped dart
 l - 6 javelins (quivered)
Armour
 a - a +0 robe
 i - the +2 robe of Gehenna (melded) {Harm rPois rN++ Stlth+}
   (You found it on level 9 of the Dungeon)

   rPois:     It protects you from poison.
   rN:        It greatly protects you from negative energy.
   Harm:      It increases damage dealt and taken.
   Stlth:     It makes you more stealthy.
 m - a +0 kite shield (worn)
 o - a +1 hat (melded)
 v - the +4 cloak "Ynafe" (melded) {rF+ rN+ Will- Regen+}
   (You found it on level 9 of the Dungeon)

   rF:        It protects you from fire.
   rN:        It protects you from negative energy.
   Regen:     It increases your rate of health regeneration.
   Will:      It decreases your willpower.
Jewellery
 c - an amulet of the acrobat (around neck)
 y - the amulet "Ipnun" {Spirit rC+ Str+7}
   (You found it on level 1 of the Lair of Beasts)

   [amulet of guardian spirit]

   It causes incoming damage to be divided between your reserves of health and
   magic.
   Str:       It affects your strength (+7).
   rC:        It protects you from cold.
 z - a +6 ring of strength (left branch)
 F - a ring of resist corrosion
Wands
 g - a wand of polymorph (6)
 t - a wand of iceblast (2)
Scrolls
 p - a scroll of amnesia
 r - a scroll of magic mapping
 B - a scroll of vulnerability
Potions
 e - a potion of might
 k - 2 potions of attraction
 s - 3 potions of curing
 w - a potion of cancellation
 x - a potion of magic


   Skills:
 - Level 13.0 Fighting
 - Level 2.0 Throwing
 - Level 5.0 Dodging
 - Level 5.0 Stealth
 - Level 8.9 Shields
 - Level 7.0 Spellcasting
 - Level 6.0 Conjurations
 - Level 9.0 Fire Magic
 + Level 4.1 Evocations


You had 19 spell levels left.
You knew the following spells:

 Your Spells              Type           Power      Damage    Failure   Level
a - Foxfire               Conj/Fire      100%       2x1d9     1%          1
b - Scorch                Fire           72%        2d8       1%          2
c - Flame Wave            Conj/Fire      31%        2d8       2%          4

Your spell library contained the following spells:

 Spells                   Type           Power      Damage    Failure   Level
 Frozen Ramparts          Ice            10%        1d3       17%         3
 Magic Dart               Conj           100%       1d8       1%          1
 Shock                    Conj/Air       64%        1d7       1%          1
 Searing Ray              Conj           52%        2d6       1%          2
 Conjure Flame            Conj/Fire      31%        6-21      1%          3
 Static Discharge         Conj/Air       16%        N/A       2%          2
 Sticky Flame             Conj/Fire      31%        2d5       2%          4
 Inner Flame              Hex/Fire       21%        N/A       3%          3
 Poisonous Vapours        Pois/Air       10%        N/A       9%          2
 Fulminant Prism          Conj/Hex       8%         3d7       17%         4
 Sting                    Tmut/Pois      20%        1d4       22%         1
 Ensorcelled Hibernation  Hex/Ice        10%        N/A       32%         2
 Passwall                 Tmut/Erth      4%         N/A       32%         2
 Sublimation of Blood     Necr           5%         N/A       32%         2
 Irradiate                Conj/Tmut      8%         3d16      41%         5
 Airstrike                Air            2%         N/A       45%         4
 Olgreb's Toxic Radiance  Pois           5%         N/A       45%         4
 Ozocubu's Armour         Ice            5%         N/A       54%         3
 Swiftness                Air            5%         N/A       54%         3
 Conjure Ball Lightning   Conj/Air       8%         3x3d6     90%         6
 Dispel Undead            Necr           5%         3d7       91%         4
 Petrify                  Tmut/Erth      5%         N/A       91%         4
 Ozocubu's Refrigeration  Ice            2%         4d5       100%        7
 Discord                  Hex            2%         N/A       100%        8
 Disjunction              Tloc           2%         N/A       100%        8


Dungeon Overview and Level Annotations

Branches:
Dungeon (11/15)            Temple (1/1) D:5            Lair (1/6) D:9
    Orc (0/2) D:10        Volcano (visited)

Altars:
Ashenzari
Cheibriados
Dithmenos
Elyvilon
Fedhas
Gozag
Hepliaklqana
Kikubaaqudgha
Makhleb
Nemelex Xobeh
Okawaru
Qazlal
Ru
Sif Muna
Trog
Uskayaw
Vehumet
Wu Jian
Xom
Yredelemnul
Zin
The Shining One
Beogh

Shops:
D:5 *(*


Innate Abilities, Weirdness & Mutations

You are a tree.
Your roots penetrate the ground, keeping you stationary.
You cannot be teleported.
You are immune to unholy pain and torment.
Your maximum health is greatly increased.
Your equipment is partially melded.
You are too large for most types of armour.
((You have tough skin. (AC +1)))
((You are covered in fur. (AC +1)))
((You are resistant to electric shocks. (rElec)))


Message History

Flames lash the yak.
The yak is severely wounded.
The yak's fire resistance burns away.
The skeletal warrior hits you but does no damage.
The skeletal warrior hits you but does no damage.
Casting: Scorch (safe; 1% risk of failure)
Confirm with . or Enter, or press ? or * to list all spells.
Flames lash the yak.
The yak is heavily wounded.
The yak's fire resistance burns away.
The skeletal warrior is no longer more vulnerable to fire.
You block the skeletal warrior's attack.
Casting: Scorch (safe; 1% risk of failure)
Confirm with . or Enter, or press ? or * to list all spells.
Flames lash the yak.
The yak is burned terribly!
The yak is almost dead.
The skeletal warrior hits you with a +0 great sword of flaming.
* * * LOW HITPOINT WARNING * * *
The skeletal warrior burns you.
* * * LOW HITPOINT WARNING * * *
Casting: Scorch (safe; 1% risk of failure)
Confirm with . or Enter, or press ? or * to list all spells.
Flames lash the yak.
The yak is burned terribly!
You kill the yak!
Vehumet accepts your kill.
You feel your power returning.
The skeletal warrior hits you with a +0 great sword of flaming.
* * * LOW HITPOINT WARNING * * *
The skeletal warrior burns you.
* * * LOW HITPOINT WARNING * * *
The yak is no longer more vulnerable to fire.
The skeletal warrior hits you with a +0 great sword of flaming.
* * * LOW HITPOINT WARNING * * *
The skeletal warrior burns you.
* * * LOW HITPOINT WARNING * * *
There are monsters nearby!
You closely miss the skeletal warrior.
The skeletal warrior is lightly damaged.
The skeletal warrior hits you with a +0 great sword of flaming!
You die...

### #............#Y.............
#P####....###................####
....##....###.................##.
...........##...Y........>...###.
........†.###................###.
.............Y.#######.......##..
............#.###§§≈####.......Y.
....##.......####§≈≈≈..#####.#...
.....####...## #♣zYYY...# ####..
.......#..Y.#####≈≈≈≈...# #..
.......#....#.###≈§≈##..# #..
............#...#####...# #..
................YY..Y...# *#..
.......#......#........## #P..
..............##.....### ###.
.......#.##.##.#######******* #.
#####.##..#.#*.#*,,,,,**,,,,***#.


You could see a skeletal warrior and 3 yaks.

Vanquished Creatures
  A two-headed ogre (D:8)
  2 hydras (Lair:1)
  A skeletal warrior (Volcano)
  3 anaconda skeletons (Volcano)
  A manticore (D:8)
  4 gargoyles (Volcano)
  A cane toad (Lair:1)
  A komodo dragon (Lair:1)
  Grinder (D:3)
  3 flying skulls (Volcano)
  2 alligator skeletons (Volcano)
  4 wyverns (D:9)
  Eustachio (D:5)
  A basilisk (D:9)
  11 yaks
  2 vampire mosquitoes (D:9)
  2 steam dragons
  Edmund (D:6)
  3 water moccasins (D:9)
  Duvessa (D:7)
  8 orc warriors
  An ice beast (D:6)
  A black bear (D:6)
  2 sky beasts
  3 ogres
  4 centaurs
  A phantom (D:7)
  Blork the orc (D:6)
  7 bullfrogs
  4 scorpions
  A gnoll sergeant (D:9)
  A water moccasin zombie (D:5)
  A wyvern zombie (D:8)
  2 wyvern skeletons
  Dowan (D:7)
  2 spriggan skeletons (Volcano)
  6 wights (D:8)
  A troll skeleton (Volcano)
  A howler monkey (D:10)
  4 centaur zombies
  A bullfrog zombie (D:6)
  8 orc priests
  3 hounds
  A bullfrog skeleton (D:6)
  A gnoll shaman (D:7)
  2 iguanas
  Ijyb (D:3)
  9 orc wizards
  3 naga skeletons (Volcano)
  Robin (D:2)
  A howler monkey zombie (D:9)
  8 adders
  8 gnolls
  A shadow imp (D:6)
  A white imp (D:8)
  An ufetubus (D:7)
  An adder zombie (D:5)
  3 worms
  A dart slug (D:1)
  44 orcs
  7 endoplasms
  2 giant cockroaches (D:6)
  8 goblins
  11 hobgoblins
  6 jackals
  9 quokkas
  11 ball pythons
  7 bats
  4 frilled lizards
  13 kobolds
  9 rats
284 creatures vanquished.

Vanquished Creatures (collateral kills)
  6 foxfires (D:2)
6 creatures vanquished.

Vanquished Creatures (others)
  An orc wizard (D:10)
  A bush (D:9)
  850 foxfires
  5 fungi
  46 plants
903 creatures vanquished.

Grand Total: 1193 creatures vanquished

Notes
Turn   | Place    | Note
-------+----------+-------------------------------------------
     0 | D:1      | enile the Ogre Fire Elementalist began the quest for the
                  | Orb.
     0 | D:1      | Reached XP level 1. HP: 16/16 MP: 3/3
   119 | D:1      | Reached skill level 1 in Fighting
   318 | D:1      | Reached skill level 2 in Fighting
   318 | D:1      | Reached XP level 2. HP: 28/28 MP: 0/5
   873 | D:1      | Reached skill level 3 in Fighting
  1417 | D:2      | Reached XP level 3. HP: 37/37 MP: 1/6
  2108 | D:2      | Reached XP level 4. HP: 45/45 MP: 5/7
  2447 | D:2      | Learned a level 2 spell: Scorch
  3042 | D:3      | Noticed Robin
  3054 | D:2      | Gained mutation: You are covered in fur. (AC +1) [potion of
                  | mutation]
  3054 | D:2      | Gained mutation: You are resistant to electric shocks.
                  | (rElec) [potion of mutation]
  3059 | D:2      | HP: 1/45 [Robin (4)]
  3642 | D:2      | Killed Robin
  3643 | D:2      | Reached skill level 1 in Conjurations
  3926 | D:3      | Reached XP level 5. HP: 51/53 MP: 1/9
  4015 | D:3      | You fall into a shaft and drop 1 floor!
  4385 | D:3      | Noticed Ijyb
  4396 | D:3      | Killed Ijyb
  4484 | D:3      | Noticed a sky beast
  4523 | D:3      | Killed a sky beast
  4524 | D:3      | Reached XP level 6. HP: 44/61 MP: 3/10
  4730 | D:3      | Noticed Grinder
  4747 | D:3      | Killed Grinder
  4748 | D:3      | Reached skill level 5 in Fire Magic
  4748 | D:3      | Reached XP level 7. HP: 36/67 MP: 1/13
  6233 | D:5      | Entered Level 5 of the Dungeon
  6242 | D:5      | Found Afuofram's Assorted Antiques.
  6306 | D:5      | Reached skill level 4 in Fighting
  6552 | D:5      | Found a staircase to the Ecumenical Temple.
  6572 | D:5      | Reached skill level 5 in Fighting
  6574 | Temple   | Entered the Ecumenical Temple
  7025 | Temple   | Became a worshipper of Vehumet
  7120 | D:5      | Noticed a yak
  7120 | D:5      | Noticed a yak
  7122 | D:5      | Noticed a yak
  7122 | D:5      | Noticed a yak
  7123 | D:5      | Noticed a yak
  7465 | D:5      | Learned a level 4 spell: Flame Wave
  7608 | D:5      | Reached skill level 6 in Fighting
  7624 | D:5      | Reached XP level 8. HP: 66/83 MP: 3/14
  7721 | D:5      | Noticed Eustachio
  7929 | D:5      | Found Vocrud's General Store.
  7945 | D:5      | Found Ileigysi's Antique Weapon Boutique.
  7991 | D:5      | Reached skill level 5 in Conjurations
  8533 | D:6      | Noticed Blork the orc
  8926 | D:5      | Killed Eustachio
  9210 | D:6      | Found a sparkling altar of Nemelex Xobeh.
  9276 | D:6      | Killed Blork the orc
  9277 | D:6      | Reached skill level 7 in Fighting
  9986 | D:6      | Reached XP level 9. HP: 88/93 MP: 4/15
 10381 | D:6      | Noticed Edmund
 10392 | D:6      | Killed Edmund
 10393 | D:6      | Reached skill level 8 in Fighting
 10585 | D:6      | Reached skill level 9 in Fighting
 11816 | D:7      | Reached * piety under Vehumet
 11816 | D:7      | Offered knowledge of Freeze by Vehumet.
 12053 | D:7      | Noticed Dowan
 12054 | D:7      | Noticed Duvessa
 12076 | D:7      | Reached skill level 10 in Fighting
 12077 | D:7      | Killed Duvessa
 12078 | D:7      | Killed Dowan
 12248 | D:7      | Reached skill level 5 in Spellcasting
 12761 | D:8      | Reached skill level 11 in Fighting
 12790 | D:8      | Reached skill level 1 in Throwing
 12790 | D:8      | Reached XP level 10. HP: 108/113 MP: 2/17
 13085 | D:8      | Noticed a manticore
 13098 | D:8      | Killed a manticore
 13401 | D:8      | Noticed a two-headed ogre
 13433 | D:8      | Killed a two-headed ogre
 15355 | D:9      | HP: 5/113 [orc warrior (10)]
 15363 | D:9      | HP: 5/113 [centaur zombie (2)]
 16154 | D:9      | Reached skill level 5 in Stealth
 16602 | D:9      | Identified the +4 cloak "Ynafe" {rF+ rN+ Will- Regen+}
 16615 | D:9      | Identified the +2 robe of Gehenna {Harm rPois rN++ Stlth+}
 16818 | D:9      | Reached XP level 11. HP: 70/120 MP: 0/21
 16878 | D:9      | Offered knowledge of Sandblast by Vehumet.
 17033 | D:9      | Reached ** piety under Vehumet
 17202 | D:9      | Found a staircase to the Lair.
 17304 | D:5      | Bought a runed triple sword for 247 gold pieces
 17572 | D:10     | Entered Level 10 of the Dungeon
 18078 | D:10     | Reached skill level 12 in Fighting
 18153 | D:10     | Reached skill level 1 in Shields
 18500 | D:10     | Found a staircase to the Orcish Mines.
 18760 | D:10     | Offered knowledge of Frozen Ramparts by Vehumet.
 19411 | D:11     | Noticed a seven-headed hydra
 19540 | Lair:1   | Entered Level 1 of the Lair of Beasts
 19540 | Lair:1   | Noticed a four-headed hydra
 19556 | Lair:1   | Killed a four-headed hydra
 19717 | Lair:1   | Noticed a four-headed hydra
 19731 | Lair:1   | Killed a four-headed hydra
 19773 | Lair:1   | Reached skill level 5 in Dodging
 19846 | Lair:1   | Identified the amulet "Ipnun" {Spirit rC+ Str+7}
 19891 | Lair:1   | Found a dark tunnel.
 19900 | Volcano  | Entered a volcano
 20002 | Volcano  | Reached skill level 1 in Evocations
 20004 | Volcano  | Noticed a skeletal warrior
 20052 | Volcano  | Killed a skeletal warrior
 20053 | Volcano  | Reached *** piety under Vehumet
 20202 | Volcano  | Reached XP level 12. HP: 133/133 MP: 22/22
 20306 | Volcano  | Reached skill level 13 in Fighting
 21091 | Lair:1   | Reached XP level 13. HP: 36/144 MP: 23/23
 21110 | Lair:1   | HP: 9/216 [skeletal warrior (4)]
 21111 | Lair:1   | HP: 4/216 [skeletal warrior (3)]
 21112 | Lair:1   | Mangled by a skeletal warrior

Illustrated notes

Levels and vault maps discovered:
D:1:      elethiomel_arrival_shortcut, layout_basic, dk_noncrumbling_3,
          chequers_serial_rivers_room_a, kennysheep_doodads
D:2:      layout_loops_ring, serial_bayou, serial_bayou_lagoon_b,
          serial_bayou_pond_a, serial_bayou_pond_d, serial_bayou_ford_a
D:3:      layout_basic, grunt_ministairs_1, uniq_grinder, uniq_robin, uniq_ijyb
D:4:      layout_loops_cross, kennysheep_pointless_box
D:5:      layout_cave_pods, temple_fountains, serial_shops,
          nicolae_stop_n_shop_1, shop, shop, minmay_door_square,
          hangedman_abyss_or_decor_passed, uniq_eustachio
D:6:      layout_basic, nicolae_overflow_hidden_temple, portal_sewer_entry_f,
          uniq_blork_the_orc, uniq_edmund
D:7:      layout_loops_ring, minmay_misc_feat_room, hangedman_decor_growths,
          uniq_duvessa
D:8:      layout_gridville, minmay_misc_feat_hallway
D:9:      layout_basic, minmay_lair_entry_grove, nicolae_two_hexagons
D:10:     layout_loops_corners, minmay_orc_entry_temple_large
D:11:     cheibrodos_wizards_tower, layout_irregular_city,
          minmay_the_grid_square_5x5_3x3_mashed
          [minmay_the_grid_square_5x5_hollow_slash,
          minmay_the_grid_square_5x5_shrine1,
          minmay_the_grid_square_5x5_three_walls,
          minmay_the_grid_square_5x5_meh,
          minmay_the_grid_square_5x5_megaprize_crossed,
          minmay_the_grid_square_5x5_bracketed,
          minmay_the_grid_square_5x5_eight_small,
          minmay_the_grid_square_5x5_longway,
          minmay_the_grid_square_5x5_minivault]
Temple:   mainiacjoe_temple_trianglar_array
Lair:1:   layout_gridlike, lightli_volcano_entry_magma_tube,
          chequers_serial_rivers_marsh, minivault_25

Skill      XL: |  1  2  3  4  5  6  7  8  9 10 11 12 |
---------------+-------------------------------------+-----
Fighting       | 2 3 6 7 11 12 13 | 13.0
Fire Magic     | 3 4 5 6 7 8 9 |  9.0
Spellcasting   | 3 4 5 7 |  7.0
Conjurations   | 1 3 4 5 6 |  6.0
Stealth        | 3 5 |  5.0
Dodging        | 3 5 |  5.0
Throwing       | 1 2 |  2.0
Shields        | 3 8 |  8.9
Evocations     | 4 |  4.1

Action                   |  1- 3 |  4- 6 |  7- 9 | 10-12 | 13-15 || total
-------------------------+-------+-------+-------+-------+-------++-------
Melee: Unarmed           |    11 |       |       |       |       ||    11
       Dagger            |     5 |    43 |    97 |    36 |       ||   181
       Punch             |       |       |     3 |       |       ||     3
       Flail             |       |       |       |    22 |     1 ||    23
       Triple sword      |       |       |       |     1 |       ||     1
Throw: Dart              |       |       |     6 |     7 |       ||    13
       Javelin           |       |       |     1 |    11 |       ||    12
 Cast: Foxfire           |    82 |    89 |   209 |   143 |       ||   523
       Scorch            |       |    20 |   103 |   224 |     7 ||   354
       Flame Wave        |       |       |     5 |       |       ||     5
Evoke: Wand              |       |       |       |    11 |     1 ||    12
  Use: Scroll            |     2 |       |     9 |    14 |     1 ||    26
       Potion            |       |     5 |     1 |     8 |     4 ||    18
Armor: Robe              |    16 |    30 |    79 |   101 |       ||   226
       Skin              |       |       |       |       |     6 ||     6
Dodge: Dodged            |    22 |    34 |   242 |   357 |       ||   655
Block: Kite shield       |       |       |       |    91 |     4 ||    95

Table legend: (Time is in decaauts)
 A = Elapsed time spent in this place.
 B = Non-inter-level travel time spent in this place.
 C = Inter-level travel time spent in this place.
 D = Time resting spent in this place.
 E = Time spent auto-exploring this place.
 F = Levels seen in this place.
 G = Mean time per level.
                   A        B        C        D        E       F      G
               +--------+--------+--------+--------+--------+-----+--------+
         Total |  21124 |  20433 |    691 |   3584 |  12765 |  14 | 1508.9 |
       Dungeon |  19087 |  18449 |    638 |   3417 |  11810 |  11 | 1735.2 |
        Temple |    478 |    425 |     53 |      0 |    422 |   1 |  478.0 |
          Lair |    385 |    385 |      0 |      0 |    111 |   1 |  385.0 |
       Volcano |   1173 |   1173 |      0 |    167 |    422 |   1 | 1173.0 |
               +--------+--------+--------+--------+--------+-----+--------+

Top non-repeatable levels by time:
     D:8: 3174 daAuts
     D:5: 2180 daAuts
     D:3: 1972 daAuts
     D:6: 1969 daAuts
     D:9: 1824 daAuts
     D:7: 1748 daAuts
    D:10: 1745 daAuts
     D:2: 1685 daAuts
     D:1: 1409 daAuts
     D:4: 1369 daAuts
 Volcano: 1173 daAuts
  Temple: 478 daAuts
  Lair:1: 385 daAuts
    D:11: 7 daAuts
